 Dungeon Sprint DCSS version 0.21-a0-630-g344d351 (webtiles) character file.

200 schets the Fighter (level 5, 0/88 HPs)
             Began as a Minotaur Berserker on Dec 26, 2017.
             Was a Priest of Trog.
             Splashed by a jelly's acid (5 damage)
             ... in the Dungeon (Sprint IX: "|||||||||||||||||||||||||||||").
             The game lasted 00:00:32 (69 turns).

schets the Fighter (Minotaur Berserker)               Turns: 69, Time: 00:00:33

Health: 0/88       AC: -1    Str: 27    XL:     5   Next: 48%
Magic:  4/4        EV: 13    Int:  4    God:    Trog [***...]
Gold:   0          SH:  0    Dex: 10    Spells: 4/4 levels left

rFire    . . .     SeeInvis .   a - +0 falchion
rCold    . . .     Gourm    .   (no shield)
rNeg     . . .     Faith    .   b - +0 animal skin
rPois    .         Spirit   .   (helmet restricted)
rElec    .         Reflect  .   (no cloak)
rCorr    .         Harm     .   (no gloves)
MR       .....     NoTele   +   (no boots)
Stlth    ..........             (no amulet)
HPRegen  0.24/turn              (no ring)
MPRegen  0.09/turn              (no ring)

@: berserking (expiring), corroded, very quick
A: retaliatory headbutt, horns 2
a: Berserk, Trog's Hand, Burn Spellbooks, Renounce Religion


You were in the Dungeon.
You worshipped Trog.
Trog was most pleased with you.
You were not hungry.

You visited 1 branch

Inventory:

Hand Weapons
 a - a +0 falchion (weapon)
Armour
 b - a +0 animal skin (worn)
Scrolls
 i - a scroll of blinking
Potions
 d - a potion of curing
 e - a potion of heal wounds
 f - a potion of haste
 g - 2 potions of magic
 h - a potion of berserk rage
Comestibles
 c - a ration


   Skills:
 * Level 10.4 Fighting
 + Level 8.7 Long Blades
 + Level 4.4 Armour
 + Level 4.0 Dodging


You had 4 spell levels left.
You didn't know any spells.

Dungeon Overview and Level Annotations

Branches:
Dungeon (1/1)

Altars:


Innate Abilities, Weirdness & Mutations

You reflexively headbutt those who attack you in melee.
You have a pair of horns on your head.


Message History

Trog accepts your kill.
Your Fighting skill increases to level 9!
The ogre hits you with a giant spiked club!
* * * LOW HITPOINT WARNING * * *
You slash the ogre!
The ogre is heavily wounded.
You hit the ogre. Your headbutt misses the ogre.
The ogre is heavily wounded.
The ogre closely misses you. You furiously retaliate!
You headbutt the ogre. You slash the ogre!
You kill the ogre!
Trog accepts your kill.
Your Fighting skill increases to level 10!
Your Long Blades skill increases to level 8!
Your Dodging skill increases to level 4!
You have reached level 5!
The jelly hits you.
* * * LOW HITPOINT WARNING * * *
The acid corrodes you!
You are splashed with acid!
The acid burns!
You die...

▓.▓
▓.▓
▓.▓
▓.▓
▓(▓
▓'▓
▓)▓
▓.▓
▓@▓
▓J▓
▓.▓
▓+▓


You could see a jelly.

Vanquished Creatures
  A centaur (D)
  An ogre (D)
  A jelly (D)
  A dart slug (D)
  A kobold (D)
  A bat (D)
  2 frilled lizards (D)
  A goblin (D)
9 creatures vanquished.

Notes
Turn   | Place    | Note
-------+----------+-------------------------------------------
     0 | D        | schets the Minotaur Berserker began the quest for the Orb.
     0 | D        | Reached XP level 1. HP: 19/19 MP: 0/0
     9 | D        | Reached skill level 4 in Fighting
    11 | D        | Reached ** piety under Trog
    55 | D        | Noticed a jelly
    55 | D        | Noticed a centaur
    55 | D        | Noticed an ogre
    55 | D        | Noticed a jelly
    58 | D        | Killed a jelly
    58 | D        | Reached skill level 6 in Fighting
    58 | D        | Reached skill level 5 in Long Blades
    58 | D        | Reached XP level 2. HP: 23/31 MP: 1/1
    58 | D        | Reached XP level 3. HP: 29/38 MP: 2/2
    62 | D        | Killed a centaur
    62 | D        | Reached *** piety under Trog
    62 | D        | Reached skill level 8 in Fighting
    62 | D        | Reached XP level 4. HP: 22/49 MP: 3/3
    64 | D        | Reached skill level 9 in Fighting
    68 | D        | Killed an ogre
    68 | D        | Reached skill level 10 in Fighting
    68 | D        | Reached XP level 5. HP: 8/59 MP: 4/4
    69 | D        | Splashed by a jelly's acid

Vault maps used:
D:        linesprint

Skill      XL: |  1  2  3  4 |
---------------+-------------+-----
Fighting       | 6 8 10 | 10.4
Long Blades    | 5 7 8 |  8.7
Armour         | 3 4 |  4.4
Dodging        | 3 4 |  4.0

Action                   |  1- 3 |  4- 6 || total
-------------------------+-------+-------++-------
Melee: Falchion          |    12 |     4 ||    16
       Headbutt          |     2 |       ||     2
Invok: Berserk           |     2 |       ||     2
Armor: Animal skin       |     3 |       ||     3
Dodge: Dodged            |    11 |     3 ||    14
       Rpst.: Falchion   |     2 |     1 ||     3

Table legend:
 A = Spawn XP
 B = Non-spawn XP
 C = Spawn XP percentage of total XP
 D = Spawn monster count
 E = Non-spawn monster count
 F = Spawn count percentage of total count
 G = Total turns spent on level
                    A         B        C        D         E        F      G
               +---------+---------+-------+---------+---------+-------+---------
         Total |       0 |     286 |   0.0 |       0 |       9 |   0.0 |    69
               +---------+---------+-------+---------+---------+-------+---------
             D |       0 |     286 |   0.0 |       0 |       9 |   0.0 |    69
               +---------+---------+-------+---------+---------+-------+---------
